 Dungeon Crawl Stone Soup version 0.28-a0-1493-g08698888e4 (webtiles) character file.

Game seed: 13192422482208908022

3121 dolemite99 the Transmogrifier (level 9, -7/88 HPs)
             Began as a Merfolk Transmuter on Jan 13, 2022.
             Was an Elder of Fedhas.
             Mangled by an ogre (21 damage)
             ... on level 6 of the Dungeon.
             The game lasted 00:12:56 (13787 turns).

dolemite99 the Transmogrifier (Merfolk Transmuter) Turns: 13787, Time: 00:12:56

Health: -7/88      AC:  2    Str: 10    XL:     9   Next: 91%
Magic:  12/12      EV: 20    Int: 17    God:    Fedhas [****..]
Gold:   275        SH:  0    Dex: 19    Spells: 1/12 levels left

rFire   . . .      SeeInvis .     - Unarmed
rCold   . . .      Faith    .   (shield currently unavailable)
rNeg    . . .      Spirit   .   (armour currently unavailable)
rPois   x          Reflect  .   (helmet currently unavailable)
rElec   .          Harm     .   (cloak currently unavailable)
rCorr   .          Rampage  .   (gloves currently unavailable)
Will    .....                   (boots currently unavailable)
Stlth   ..........              (no amulet)
HPRegen 0.24/turn               (no ring)
MPRegen 0.13/turn               (no ring)

@: berserking, spider-form, very quick
A: venomous fangs, tiny, (nimble swimmer 2), (mertail)
a: End Transformation, Renounce Religion, Wall of Briars, Grow Ballistomycete,
Overgrow


You were on level 6 of the Dungeon.
You worshipped Fedhas.
Fedhas was greatly pleased with you.
You were a venomous arachnid creature.
You visited 1 branch of the dungeon, and saw 6 of its levels.

You collected 275 gold pieces.

Inventory:

Hand Weapons
 j - a +0 hunting sling
 o - a +2 whip of holy wrath
Missiles
 i - 45 poisoned darts (quivered)
 k - 145 stones
 r - 38 sling bullets
Armour
 e - a +0 scale mail
 q - a +0 pair of gloves
 w - the +3 hat of Pondering (melded) {ponderous, Will+ MP+10 Int+5}
   (You acquired it on level 5 of the Dungeon)

   Int:       It affects your intelligence (+5).
   MP:        It affects your magic capacity (+10).
   Will:      It increases your willpower.
 x - a +0 robe (melded)
Magical Staves
 a - a staff of poison (melded)
 v - a staff of air
 y - a staff of death
Jewellery
 c - an amulet of the acrobat
 d - an amulet of guardian spirit
 n - a ring of poison resistance
Wands
 f - a wand of polymorph (13)
 p - a wand of flame (10)
Scrolls
 g - a scroll of amnesia
 h - 3 scrolls of teleportation
 m - 2 scrolls of blinking
Potions
 b - a potion of ambrosia {unknown}
 l - a potion of magic {unknown}
 s - a potion of lignification {unknown}
 t - 3 potions of haste
 u - a potion of heal wounds {unknown}
 z - a potion of might {unknown}
 B - 2 potions of curing
 C - a potion of mutation {unknown}


   Skills:
 - Level 1.1 Fighting
 - Level 2.7 Dodging
 - Level 8.5 Unarmed Combat
 - Level 2.0 Spellcasting
 - Level 9.6 Transmutations
 + Level 7.3 Ice Magic
 - Level 6.3 Poison Magic


You had one spell level left.
You knew the following spells:

 Your Spells              Type           Power      Damage    Failure   Level
a - Beastly Appendage     Tmut           68%        N/A       3%          1
b - Spider Form           Tmut/Pois      28%        N/A       9%          3
c - Wereblood             Tmut           34%        N/A       3%          2
d - Animate Skeleton      Necr           2%         N/A       38%         1
e - Ice Form              Ice/Tmut       30%        N/A       17%         4

Your spell library contained the following spells:

 Spells                   Type           Power      Damage    Failure   Level
 Apportation              Tloc           2%         N/A       38%         1
 Summon Small Mammal      Summ           4%         N/A       38%         1
 Passwall                 Tmut/Erth      15%        N/A       13%         2
 Ensorcelled Hibernation  Hex/Ice        28%        N/A       17%         2
 Swiftness                Air            1%         N/A       71%         3


Dungeon Overview and Level Annotations

Branches:
Dungeon (6/15)
 Temple: D:4-7

Altars:
Fedhas
Okawaru
Ru


Innate Abilities, Weirdness & Mutations

You are a venomous arachnid creature.
You have poisonous fangs.
You are tiny and dextrous.
Your spellcasting is less reliable in this form.
Your armour is entirely melded.
You are incapable of wielding weapons or throwing items.
((You are very nimble when in or above water. (Stealth+, EV+, Speed+++)))
((Your lower body shifts to a powerful aquatic tail in water.))


Message History

The orc closely misses you.
You hit the orc.
The orc looks as sick as possible!
The orc is almost dead.
You kill the orc!
Fedhas appreciates your contribution to the ecosystem.
The orc hits you with a +0 short sword.
You bite the orc!
You kill the orc!
Fedhas appreciates your contribution to the ecosystem.
No target in view!
You see here a +0 short sword.
There are monsters nearby!
There are monsters nearby!
There are monsters nearby!
The ogre shouts!
The orc wizard gestures wildly while chanting.
The orc wizard flickers and vanishes!
Deactivating autopickup; reactivate with Ctrl-A.
You are confused.
The ogre hits you with a +0 giant club!!
You are too injured to fight recklessly!
You barely miss the ogre. The ogre closely misses you.
You are too injured to fight recklessly!
You are too injured to fight recklessly!
You hit the ogre but do no damage.
The ogre is poisoned.
The ogre misses you.
You hit the ogre but do no damage.
The ogre looks even sicker.
The ogre is lightly wounded.
You hear some strange, mumbled words.
Something tries to affect you, but you resist.
The ogre closely misses you.
The ogre hits you with a +0 giant club!!
* * * LOW HITPOINT WARNING * * *
A red film seems to cover your vision as you go berserk!
You feel yourself moving faster!
You feel mighty! Something closely misses you.
You maul the ogre!!
The ogre looks as sick as possible!
The ogre is severely wounded.
You feel less confused.
The ogre hits you with a +0 giant club!!
You die...
Fedhas appreciates your contribution to the ecosystem.

....(.....####......###
......(.............<..#
.......(.......######..#
.....(..(.[)<)..# ###..#
...........))..## #....#
............)..# ##..##
..........[....# ###...#
................##.#..#.
##....s...###........#.
#....O....# #...#......
..........## ##.##.)))..
...#.....### #.##...)..
.........##.###.##......
.....##.......#.##......
..... ..##.......#......
..... #.# ##.....#......
.... #.# ###...........


You could see an ogre (extremely poisoned).

Vanquished Creatures
  Pikel (D:4)
  Grinder (D:4)
  Sigmund (D:4)
  4 yaks
  Eustachio (D:4)
  2 water moccasins (D:5)
  A black bear (D:6)
  An ice beast (D:6)
  A necrophage (D:5)
  An ogre (D:4)
  2 phantoms
  A gnoll sergeant (D:6)
  2 water moccasin zombies
  2 scorpions
  A water moccasin skeleton (D:5)
  A jelly (D:4)
  2 orc priests
  A centaur skeleton (D:6)
  Jessica (D:3)
  3 iguanas
  An orc wizard (D:5)
  Natasha (thrice) (D:3)
  11 gnolls
  7 adders
  An adder skeleton (D:4)
  2 worms (D:3)
  3 dart slugs
  16 orcs
  7 endoplasms
  2 giant cockroaches
  4 goblins
  8 hobgoblins
  8 jackals
  3 quokkas
  4 ball pythons
  3 bats
  3 frilled lizards
  9 kobolds
  5 rats
130 creatures vanquished.

Vanquished Creatures (others)
  56 plants
56 creatures vanquished.

Grand Total: 186 creatures vanquished

Notes
Turn   | Place    | Note
-------+----------+-------------------------------------------
     0 | D:1      | dolemite99 the Merfolk Transmuter began the quest for the
                  | Orb.
     0 | D:1      | Reached XP level 1. HP: 15/15 MP: 3/3
   297 | D:1      | Reached skill level 3 in Transmutations
   308 | D:1      | Reached XP level 2. HP: 20/21 MP: 1/5
   379 | D:1      | Found a faded altar of an unknown god.
   380 | D:1      | Noticed an eye of devastation
   429 | D:1      | Noticed a floating eye
   443 | D:1      | Noticed a golden eye
   444 | D:1      | Noticed a great orb of eyes
   711 | D:1      | Prayed at the altar of an unknown god.
   711 | D:1      | Became a worshipper of Fedhas Madash
   711 | D:1      | Reached * piety under Fedhas
  1339 | D:1      | Learned a level 2 spell: Wereblood
  1371 | D:1      | You fall into a shaft and drop 1 floor!
  1386 | D:2      | Reached XP level 3. HP: 6/26 MP: 4/6
  2673 | D:2      | Reached ** piety under Fedhas
  3673 | D:2      | Learned a level 3 spell: Spider Form
  3742 | D:3      | Noticed Natasha
  3754 | D:3      | Killed Natasha
  3755 | D:3      | Reached skill level 1 in Poison Magic
  3755 | D:3      | Reached XP level 4. HP: 24/32 MP: 7/7
  3919 | D:3      | Noticed Natasha
  3928 | D:3      | Killed Natasha
  4606 | D:3      | Reached XP level 5. HP: 37/37 MP: 6/8
  5037 | D:3      | Noticed Jessica
  5046 | D:3      | Killed Jessica
  5047 | D:3      | Reached skill level 5 in Unarmed Combat
  6412 | D:4      | Reached XP level 6. HP: 43/43 MP: 7/9
  6710 | D:4      | Noticed Pikel
  6732 | D:4      | Killed Pikel
  6733 | D:4      | Reached XP level 7. HP: 37/48 MP: 6/10
  6863 | D:4      | Noticed Sigmund
  6880 | D:4      | Killed Sigmund
  6881 | D:4      | Reached skill level 5 in Transmutations
  6881 | D:4      | Reached XP level 8. HP: 19/54 MP: 8/11
  7333 | D:4      | Noticed Grinder
  7337 | D:4      | Paralysed by Grinder for 6 turns
  7350 | D:4      | Paralysed by Grinder for 5 turns
  7358 | D:4      | Killed Grinder
  7359 | D:4      | Reached skill level 6 in Transmutations
  7586 | D:3      | Noticed Natasha
  7593 | D:3      | Killed Natasha
  7668 | D:4      | Reached *** piety under Fedhas
  7962 | D:4      | Noticed Eustachio
  7973 | D:4      | Killed Eustachio
  7974 | D:4      | Reached skill level 7 in Transmutations
  8832 | D:5      | Entered Level 5 of the Dungeon
  9352 | D:5      | Reached skill level 8 in Transmutations
  9906 | D:5      | Reached skill level 9 in Transmutations
  9906 | D:5      | Reached XP level 9. HP: 45/59 MP: 9/12
 10403 | D:5      | Identified 3 scrolls of acquirement
 10403 | D:5      | Acquired the +3 hat of Pondering {ponderous, Will+ MP+10
                  | Int+5}
 10403 | D:5      | Found the +3 hat of Pondering {ponderous, Will+ MP+10
                  | Int+5}
 10410 | D:5      | Acquired a staff of poison
 10415 | D:5      | Acquired a staff of air
 10790 | D:5      | Learned a level 1 spell: Animate Skeleton
 10922 | D:5      | Learned a level 4 spell: Ice Form
 11087 | D:5      | Found a blossoming altar of Fedhas.
 11167 | D:5      | Found an iron altar of Okawaru.
 11213 | D:5      | Reached skill level 1 in Ice Magic
 11836 | D:6      | Found a sacrificial altar of Ru.
 12257 | D:6      | Reached skill level 5 in Ice Magic
 12393 | D:6      | Reached **** piety under Fedhas
 13787 | D:6      | Mangled by an ogre

Illustrated notes

Levels and vault maps discovered:
D:1:      dpeg_arrival_tiny_d, layout_rooms,
          hellmonk_ecumenical_altar_watching_god, lexackson_kobold_supper
D:2:      wad_pebble_path, layout_basic
D:3:      layout_loops_ring, uniq_jessica, uniq_natasha
D:4:      layout_loops_ring, uniq_grinder, uniq_sigmund, uniq_eustachio,
          uniq_pikel
D:5:      layout_loops_cross, mainiacjoe_overflow_swirl, serial_bayou_lagoon_a
D:6:      layout_cave_pools, nicolae_ru_awakened_eye

Skill      XL: |  1  2  3  4  5  6  7  8  9 |
---------------+----------------------------+-----
Transmutations | 3 5 9 |  9.6
Unarmed Combat | 4 5 6 8 |  8.5
Poison Magic   | 1 2 4 6 |  6.3
Ice Magic      | 7 |  7.3
Fighting       | |  1.1
Dodging        | |  2.7
Spellcasting   | |  2.0

Action                   |  1- 3 |  4- 6 |  7- 9 || total
-------------------------+-------+-------+-------++-------
Melee: Unarmed           |   112 |    81 |   275 ||   468
       Headbutt          |    12 |     8 |       ||    20
       Punch             |     2 |     4 |       ||     6
       Staff             |       |       |     6 ||     6
Throw: Dart              |       |       |    18 ||    18
 Cast: Beastly Appendage |    28 |    16 |     1 ||    45
       Spider Form       |       |     1 |    39 ||    40
  Use: Scroll            |     4 |     2 |     6 ||    12
       Potion            |       |     3 |     2 ||     5
 Stab: Sleeping          |       |     1 |       ||     1
Armor: Robe              |    25 |     9 |     4 ||    38
       Skin              |       |       |    11 ||    11
Dodge: Dodged            |    82 |    41 |   232 ||   355

Table legend: (Time is in decaauts)
 A = Elapsed time spent in this place.
 B = Non-inter-level travel time spent in this place.
 C = Inter-level travel time spent in this place.
 D = Time resting spent in this place.
 E = Time spent auto-exploring this place.
 F = Levels seen in this place.
 G = Mean time per level.
                   A        B        C        D        E       F      G
               +--------+--------+--------+--------+--------+-----+--------+
         Total |  13776 |  13610 |    166 |   8242 |   3711 |   6 | 2296.0 |
       Dungeon |  13776 |  13610 |    166 |   8242 |   3711 |   6 | 2296.0 |
               +--------+--------+--------+--------+--------+-----+--------+

Top non-repeatable levels by time:
     D:5: 4015 daAuts
     D:3: 2985 daAuts
     D:2: 2283 daAuts
     D:4: 2176 daAuts
     D:1: 1367 daAuts
     D:6: 947 daAuts
